 Dungeon Crawl Stone Soup version 0.30-a0-1157-g2cc9ac7196 (webtiles) character file.

Game seed: 17076336925335752

74 retardedninja the Firebug (level 4, 0/32 HPs)
             Began as a Gnoll Fire Elementalist on Apr 24, 2023.
             Slain by a gnoll
             ... wielding a +0 flail
              (5 damage)
             ... on level 3 of the Dungeon.
             The game lasted 00:03:08 (2891 turns).

retardedninja the Firebug (Gnoll Fire Elementalist) Turns: 2891, Time: 00:03:09

Health: 0/32       AC:  2    Str:  7 (8)  XL:     4   Next: 30%
Magic:  5/11       EV: 13    Int: 13 (16) God:
Gold:   79         SH:  0    Dex: 11 (12) Spells: 10/13 levels left

rFire   . . .        k - +2 war axe (drain)
rCold   . . .        (no shield)
rNeg    . . .        a - +0 robe
rPois   .            (no helmet)
rElec   .            (no cloak)
rCorr   .            (no gloves)
SInv    .            (no boots)
Will    .....        (no amulet)
Stlth   ++           (no ring)
HPRegen 0.25/turn    (no ring)
MPRegen 0.12/turn

%: no passive effects
@: no status effects
A: fangs 1, strong nose, distributed training
a: no special abilities


You were on level 3 of the Dungeon.
You visited 1 branch of the dungeon, and saw 3 of its levels.

You collected 79 gold pieces.

Inventory:

Hand Weapons
 k - a +2 war axe of draining (weapon)
Armour
 a - a +0 robe (worn)
 l - a +0 pair of gloves
Scrolls
 c - 2 scrolls of teleportation {unknown}
 d - a scroll of poison {unknown}
 f - 2 scrolls of fear {unknown}
 j - 2 scrolls of identify {unknown}
Potions
 b - a potion of magic
 i - a potion of heal wounds {unknown}


   Skills:
 + Level 1.1 Fighting
 + Level 1.1 Short Blades
 + Level 1.1 Long Blades
 + Level 1.1 Axes
 + Level 1.1 Maces & Flails
 + Level 1.1 Polearms
 + Level 1.1 Staves
 + Level 1.1 Ranged Weapons
 + Level 1.1 Throwing
 + Level 1.1 Armour
 + Level 4.6 Dodging
 + Level 4.2 Stealth
 + Level 1.1 Shields
 + Level 1.1 Unarmed Combat
 + Level 5.1 Spellcasting
 + Level 2.2 Conjurations
 + Level 0.9 Hexes
 + Level 0.9 Summonings
 + Level 0.9 Necromancy
 + Level 0.9 Translocations
 + Level 0.9 Transmutations
 + Level 5.4 Fire Magic
 + Level 0.9 Ice Magic
 + Level 0.9 Air Magic
 + Level 0.9 Earth Magic
 + Level 0.9 Poison Magic
 + Level 1.2 Invocations
 + Level 1.1 Evocations


You had 10 spell levels left.
You knew the following spells:

 Your Spells              Type           Power      Damage    Failure   Level
a - Foxfire               Conj/Fire      52%        2x1d6     3%          1
b - Scorch                Fire           34%        2d6       3%          2

Your spell library contained the following spells:

 Spells                   Type           Power      Damage    Failure   Level
 Inner Flame              Hex/Fire       11%        N/A       16%         3
 Volatile Blastmotes      Fire/Tloc      22%        2d11      16%         3
 Cigotuvi's Dreadful Rot  Necr/Pois/Air  10%        N/A       19%         2
 Flame Wave               Conj/Fire      13%        2d6       36%         4
 Dispel Undead            Necr           5%         3d7       77%         4
 Death Channel            Necr           2%         N/A       100%        6


Dungeon Overview and Level Annotations

Branches:
Dungeon (3/15)

Altars:

Shops:
D:2 :


Innate Abilities, Weirdness & Mutations

You have very sharp teeth.
Your uncanny sense of smell can sniff out nearby items.
Your experience applies equally to all skills.


Message History

Your foxfire dissipates!
You start resting.
Your foxfire dissipates!
You start resting.
HP restored.
You start resting.
Magic restored.
You start waiting.
There is a fountain of clear blue water here.
You see here a +0 dagger of venom.
There is a stone staircase leading up, spattered with blood here.
You can't go down here!
You can't go down here!
You climb upwards.
A gnoll comes into view. It is wielding a +0 whip.
There is a stone staircase leading down, spattered with blood here.
Casting: Scorch (safe; 3% risk of failure)
Confirm with . or Enter, or press ? or * to list all spells.
Flames lash the gnoll.
The gnoll shouts!
The gnoll is heavily wounded.
The gnoll's fire resistance burns away.
The gnoll hits you with a +0 flail!
Unknown command.
The gnoll hits you with a +0 flail!
* * * LOW HITPOINT WARNING * * *
You climb downwards.
There is a stone staircase leading up, spattered with blood here.
Casting: Scorch (safe; 3% risk of failure)
Confirm with . or Enter, or press ? or * to list all spells.
Flames lash the gnoll.
The gnoll is heavily wounded.
The gnoll's fire resistance burns away.
The gnoll hits you with a +0 flail.
* * * LOW HITPOINT WARNING * * *
Unknown command.
Casting: Scorch (safe; 3% risk of failure)
Confirm with . or Enter, or press ? or * to list all spells.
Flames lash the gnoll.
The gnoll is burned terribly!
The gnoll is severely wounded.
The gnoll hits you with a +0 flail.
You die...

###
##@##
#.g.#
#.).#
#...#
##.##
#†#
...
..⌠.+
##...#


You could see a gnoll (combustible).

Vanquished Creatures
  2 adders (D:2)
  A worm (D:2)
  2 dart slugs (D:1)
  6 bats
  3 endoplasms
  2 giant cockroaches
  5 goblins
  3 hobgoblins
  7 jackals
  2 quokkas
  2 ball pythons (D:2)
  4 frilled lizards
  6 kobolds
  A rat (D:2)
46 creatures vanquished.

Vanquished Creatures (others)
  243 foxfires
243 creatures vanquished.

Grand Total: 289 creatures vanquished

Notes
Turn   | Place    | Note
-------+----------+-------------------------------------------
     0 | D:1      | retardedninja the Gnoll Fire Elementalist began the quest
                  | for the Orb.
     0 | D:1      | Reached XP level 1. HP: 13/13 MP: 6/6
   208 | D:1      | Reached XP level 2. HP: 19/19 MP: 4/7
   879 | D:1      | Reached skill level 5 in Spellcasting
   879 | D:1      | Reached XP level 3. HP: 25/25 MP: 6/9
  1497 | D:1      | Reached skill level 1 in Invocations
  2073 | D:2      | Reached skill level 1 in Fighting
  2073 | D:2      | Reached skill level 1 in Short Blades
  2073 | D:2      | Reached skill level 1 in Long Blades
  2073 | D:2      | Reached skill level 1 in Axes
  2073 | D:2      | Reached skill level 1 in Maces & Flails
  2073 | D:2      | Reached skill level 1 in Polearms
  2073 | D:2      | Reached skill level 1 in Staves
  2073 | D:2      | Reached skill level 1 in Ranged Weapons
  2073 | D:2      | Reached skill level 1 in Throwing
  2073 | D:2      | Reached skill level 1 in Armour
  2073 | D:2      | Reached skill level 1 in Shields
  2073 | D:2      | Reached skill level 1 in Unarmed Combat
  2073 | D:2      | Reached skill level 1 in Evocations
  2251 | D:2      | Reached XP level 4. HP: 32/32 MP: 7/11
  2352 | D:2      | Found Masa's Book Shop.
  2379 | D:3      | HP: 1/32 [goblin/+0 dagger of venom (1)]
  2728 | D:3      | Learned a level 2 spell: Scorch
  2891 | D:3      | Slain by a gnoll

Illustrated notes

Levels and vault maps discovered:
D:1:      dpeg_arrival_erosion, layout_loops_corners, st_stairs_5,
          nicolae_hexahallways
D:2:      layout_rooms, serial_shops, nicolae_shop_tiny_waterfront,
          uniq_crazy_yiuf_cottage
D:3:      layout_loops_cross, jmf_multi_god_temple2,
          hellmonk_ecumenical_altar_leap_of_faith, grunt_ministairs_5,
          uniq_terence, uniq_ijyb

Skill      XL: |  1  2  3 |
---------------+----------+-----
Conjurations   | 2 |  2.2
Spellcasting   | 5 |  5.1
Invocations    | 1 |  1.2
Fighting       | 1 |  1.1
Short Blades   | 1 |  1.1
Long Blades    | 1 |  1.1
Axes           | 1 |  1.1
Maces & Flails | 1 |  1.1
Polearms       | 1 |  1.1
Staves         | 1 |  1.1
Ranged Weapons | 1 |  1.1
Throwing       | 1 |  1.1
Armour         | 1 |  1.1
Shields        | 1 |  1.1
Unarmed Combat | 1 |  1.1
Evocations     | 1 |  1.1
Dodging        | |  4.6
Stealth        | |  4.2
Hexes          | |  0.9
Summonings     | |  0.9
Necromancy     | |  0.9
Translocations | |  0.9
Transmutations | |  0.9
Fire Magic     | |  5.4
Ice Magic      | |  0.9
Air Magic      | |  0.9
Earth Magic    | |  0.9
Poison Magic   | |  0.9

Action                     |  1- 3 |  4- 6 || total
---------------------------+-------+-------++-------
   Cast: Foxfire           |   125 |    23 ||   148
         Scorch            |       |     4 ||     4
    Use: Potion            |       |     3 ||     3
 Armour: Robe              |     7 |     5 ||    12
  Dodge: Dodged            |    26 |    26 ||    52

Table legend: (Time is in decaauts)
 A = Elapsed time spent in this place.
 B = Non-inter-level travel time spent in this place.
 C = Inter-level travel time spent in this place.
 D = Time resting spent in this place.
 E = Time spent auto-exploring this place.
 F = Levels seen in this place.
 G = Mean time per level.
                   A        B        C        D        E       F      G
               +--------+--------+--------+--------+--------+-----+--------+
         Total |   2872 |   2866 |      6 |    364 |   2058 |   3 |  957.3 |
       Dungeon |   2872 |   2866 |      6 |    364 |   2058 |   3 |  957.3 |
               +--------+--------+--------+--------+--------+-----+--------+

Top non-repeatable levels by time:
     D:1: 1841 daAuts
     D:2: 543 daAuts
     D:3: 488 daAuts
